 Dungeon Crawl Stone Soup version 0.27-a0-1278-g6cbc8dfb29 (webtiles) character file.

Game seed: 7723586645599390186

779 senseless the Sneak (level 7, -2/41 HPs)
             Began as an Octopode Conjurer on June 12, 2021.
             Was an Initiate of the Shining One.
             Slain by Grinder (10 damage)
             ... on level 5 of the Dungeon.
             The game lasted 00:11:11 (6239 turns).

senseless the Sneak (Octopode Conjurer)             Turns: 6239, Time: 00:11:13

Health: -2/41      AC:  1    Str:  6    XL:     7   Next: 85%
Magic:  13/13      EV: 14    Int: 22    God:    the Shining One [......]
Gold:   268        SH:  0    Dex: 11    Spells: 13/14 levels left

rFire    . . .     SeeInvis .   g - +1 rapier (venom)
rCold    . . .     Faith    .   (no shield)
rNeg     . . .     Spirit   .   (helmet restricted)
rPois    .         Reflect  .   (no amulet)
rElec    .         Harm     .   (no ring)
rCorr    .         Rampage  .   (no ring)
Will     .....                  (no ring)
Stlth    ++........             (no ring)
HPRegen  0.13/turn              (no ring)
MPRegen  0.13/turn              (no ring)
                                (no ring)
                                (no ring)

@: glowing
A: almost no armour, amphibious, 8 rings, camouflage 1, gelatinous body 1,
(nimble swimmer 1), tentacles
a: Renounce Religion


You were on level 5 of the Dungeon.
You worshipped the Shining One.
The Shining One was noncommittal.
You visited 2 branches of the dungeon, and saw 7 of its levels.

You collected 268 gold pieces.

Inventory:

Hand Weapons
 g - a +1 rapier of venom (weapon)
 n - a +2 dagger of speed
Missiles
 e - 14 poisoned darts
Wands
 m - a wand of paralysis (7)
Scrolls
 b - 3 scrolls of teleportation
Potions
 a - a potion of flight
 c - a potion of invisibility {unknown}
 d - 3 potions of haste
 f - a potion of lignification {unknown}
 h - 2 potions of curing
 k - a potion of might {unknown}


   Skills:
 + Level 4.5 Dodging
 + Level 6.4 Stealth
 + Level 4.2 Spellcasting
 + Level 6.0 Conjurations


You had 13 spell levels left.
You knew the following spells:

 Your Spells              Type           Power      Damage    Failure   Level
a - Magic Dart            Conj           100%       1d8       1%          1

Your spell library contained the following spells:

 Spells                   Type           Power      Damage    Failure   Level
 Searing Ray              Conj           62%        3d5       1%          2
 Dazzling Flash           Conj/Hex       34%        N/A       10%         3
 Fulminant Prism          Conj/Hex       8%         3d7       32%         4
 Iskenderun's Mystic Bla  Conj/Tloc      17%        2d5       32%         4


Dungeon Overview and Level Annotations

Branches:
Dungeon (6/15)             Temple (1/1) D:4

Altars:
Ashenzari
Cheibriados
Dithmenos
Elyvilon
Fedhas
Gozag
Hepliaklqana
Kikubaaqudgha
Makhleb
Nemelex Xobeh
Okawaru
Qazlal
Ru
Sif Muna
Trog
Uskayaw
Vehumet
Wu Jian
Xom
Yredelemnul
Zin
The Shining One

Annotations:
D:5 Grinder


Innate Abilities, Weirdness & Mutations

You cannot wear most types of armour.
You are amphibious.
You can wear up to eight rings at the same time.
Your skin changes colour to match your surroundings (Stealth+).
Your rubbery body absorbs attacks. (AC +1, EV +1)
((You are camouflaged near water. (Stealth+)))
You have tentacles for arms and can constrict up to eight enemies at once.


Message History

h - 2 potions of curing
As you read the scroll labelled MUINKEEROI, it crumbles to dust.
A profound silence engulfs you.
It was a scroll of silence.
You start waiting.
Your hearing returns.
As you read the scroll labelled HEGUPP AKHYAMP, it crumbles to dust.
Magic quickly surges around you.
It was a scroll of vulnerability.
As you read the scroll labelled GUSIALI KAUG, it crumbles to dust.
You speak a Word of immense power!
It was a scroll of holy word.
As you read the scroll labelled HIQECS YZUING, it crumbles to dust.
You assume a fearsome visage.
Nothing appears to happen.
It was a scroll of fear.
You start waiting.
You feel your willpower return.
As you read the scroll labelled FEC SAOZXU, it crumbles to dust.
It is a scroll of enchant weapon.
Your +0 rapier of venom glows red for a moment.
You climb downwards.
There is a stone staircase leading up, spattered with blood here.
You see here a +0 dagger.
Items here: )) [[.
You open the door.
There is an open door here.
You open the door.
Grinder comes into view.
Grinder gestures at you.
You suddenly lose the ability to move!
Found 14 stones.
Grinder hits you.
You writhe in agony.
Grinder hits you!
You writhe in agony.
You can move again.
There is an open door, spattered with blood here.
You puncture Grinder! Your grab misses Grinder.
Grinder is moderately wounded.
Grinder hits you.
* * * LOW HITPOINT WARNING * * *
You writhe in agony.
* * * LOW HITPOINT WARNING * * *
Grinder hits you!
You die...

#..(......#
#.........###### ...#
#.........#....##...#
..........#.....#...#
+########.#.....#...#
#.#.....#...#
#.#.....#(..#
#.#.....#...#
#.#.....@...#
#.#.....#5..#
#.#.....#....#
#.'.....#....#
#.#######..### ###
..# ..+ ..#


You could see Grinder.

Vanquished Creatures
  Sigmund (D:2)
  An ice beast (D:4)
  A necrophage (D:4)
  2 scorpions
  2 orc priests
  Ijyb (D:3)
  An iguana (D:4)
  3 orc wizards
  4 gnolls (D:4)
  5 adders
  A worm (D:4)
  8 orcs
  3 bats
  5 endoplasms
  5 giant cockroaches
  4 hobgoblins
  6 jackals
  2 quokkas
  13 ball pythons
  3 frilled lizards
  8 goblins
  2 kobolds
  4 rats
85 creatures vanquished.

Vanquished Creatures (others)
  13 plants (D:2)
13 creatures vanquished.

Grand Total: 98 creatures vanquished

Notes
Turn   | Place    | Note
-------+----------+-------------------------------------------
     0 | D:1      | senseless the Octopode Conjurer began the quest for the
                  | Orb.
     0 | D:1      | Reached XP level 1. HP: 11/11 MP: 3/3
   245 | D:1      | Reached XP level 2. HP: 14/17 MP: 0/5
  1258 | D:2      | Reached XP level 3. HP: 19/21 MP: 0/6
  1346 | D:2      | Noticed Sigmund
  1353 | D:2      | Killed Sigmund
  1354 | D:2      | Reached skill level 5 in Conjurations
  1354 | D:2      | Reached XP level 4. HP: 18/27 MP: 2/8
  1354 | D:2      | Reached XP level 5. HP: 21/31 MP: 2/9
  1821 | D:2      | Found a faded altar of an unknown god.
  2239 | D:3      | Found a snail-covered altar of Cheibriados.
  2345 | D:3      | Reached XP level 6. HP: 36/36 MP: 2/10
  2691 | D:3      | Reached skill level 5 in Stealth
  3031 | D:3      | Noticed Ijyb
  3035 | D:3      | Paralysed by Ijyb for 2 turns
  3042 | D:3      | Killed Ijyb
  3740 | D:4      | You fall into a shaft and drop 2 floors!
  3754 | D:5      | Entered Level 5 of the Dungeon
  3770 | D:5      | Noticed a two-headed ogre
  3919 | D:4      | Found a staircase to the Ecumenical Temple.
  3924 | Temple   | Entered the Ecumenical Temple
  4198 | D:4      | Reached XP level 7. HP: 41/41 MP: 5/12
  6076 | Temple   | Became a worshipper of the Shining One
  6235 | D:5      | Noticed Grinder
  6235 | D:5      | Paralysed by Grinder for 4 turns
  6239 | D:5      | Slain by Grinder

Illustrated notes

Levels and vault maps discovered:
D:1:      evilmike_arrival_plus, layout_basic
D:2:      layout_loops_corners, dilly_ecumenical_altar_fadedgnrine,
          minmay_misc_feat_columns, hangedman_decor_push, wad_floor_pattern_1,
          st_stairs_5, uniq_sigmund
D:3:      layout_loops_corners, old_standard_altar, uniq_ijyb
D:4:      layout_cave_pods, minmay_temple_entry_trees, minmay_misc_feat_rows,
          roderic_lattice_a
D:5:      lemuel_insect_pit, layout_gridville, serial_bayou_pond_d,
          uniq_menkaure, uniq_grinder
D:6:      layout_loops_ring, serial_shops, kennysheep_mini, minmay_puff
Temple:   grunt_wide_crystal_templ

Skill      XL: |  1  2  3  4  5  6  7 |
---------------+----------------------+-----
Stealth        | 3 4 5 6 |  6.4
Dodging        | 3 4 |  4.5
Conjurations   | 5 6 |  6.0
Spellcasting   | 3 4 |  4.2

Action                   |  1- 3 |  4- 6 |  7- 9 || total
-------------------------+-------+-------+-------++-------
Melee: Unarmed           |    11 |       |       ||    11
       Constrict         |     3 |     6 |     4 ||    13
       Rapier            |       |    16 |    15 ||    31
       Tentacles         |       |     4 |     3 ||     7
 Cast: Magic Dart        |    35 |   114 |    63 ||   212
  Use: Scroll            |     2 |       |     7 ||     9
 Stab: Sleeping          |     1 |       |       ||     1
Armor: Skin              |       |     2 |     3 ||     5
Dodge: Dodged            |    13 |    17 |    15 ||    45

Table legend: (Time is in decaauts)
 A = Elapsed time spent in this place.
 B = Non-inter-level travel time spent in this place.
 C = Inter-level travel time spent in this place.
 D = Time resting spent in this place.
 E = Time spent auto-exploring this place.
 F = Levels seen in this place.
 G = Mean time per level.
                   A        B        C        D        E       F      G
               +--------+--------+--------+--------+--------+-----+--------+
         Total |   6249 |   5990 |    259 |    683 |   4788 |   7 |  892.7 |
       Dungeon |   5987 |   5760 |    227 |    512 |   4733 |   6 |  997.8 |
        Temple |    262 |    230 |     32 |    171 |     55 |   1 |  262.0 |
               +--------+--------+--------+--------+--------+-----+--------+

Top non-repeatable levels by time:
     D:4: 1507 daAuts
     D:3: 1447 daAuts
     D:1: 1140 daAuts
     D:2: 1094 daAuts
     D:5: 783 daAuts
  Temple: 262 daAuts
     D:6: 13 daAuts
